 Dungeon Crawl Stone Soup version 0.28-a0-1213-g0243856f03 (webtiles) character file.

Game seed: 1206123924940635287

58 frimble the Slasher (level 3, -1/27 HPs)
             Began as a Demonspawn Warper on Dec 22, 2021.
             Slain by Jessica (12 damage)
             ... on level 2 of the Dungeon.
             The game lasted 00:01:07 (1939 turns).

frimble the Slasher (Demonspawn Warper)             Turns: 1939, Time: 00:01:08

Health: -1/27      AC:  3    Str: 11    XL:     3   Next: 76%
Magic:  6/6        EV: 12    Int: 16    God:
Gold:   57         SH:  0    Dex: 12    Spells: 4/6 levels left

rFire   . . .      SeeInvis .   a - +0 falchion
rCold   . . .      Faith    .   (no shield)
rNeg    . . .      Spirit   .   b - +0 leather armour
rPois   .          Reflect  .   (no helmet)
rElec   .          Harm     .   (no cloak)
rCorr   .          Rampage  .   (no gloves)
Will    .....                   (no boots)
Stlth   +.........              (no amulet)
HPRegen 0.09/turn               (no ring)
MPRegen 0.10/turn               (no ring)

@: no status effects
A: hooves 2
a: no special abilities


You were on level 2 of the Dungeon.
You visited 1 branch of the dungeon, and saw 2 of its levels.

You collected 57 gold pieces.

Inventory:

Hand Weapons
 a - a +0 falchion (weapon)
Missiles
 d - 5 boomerangs of dispersal
 g - 13 poisoned darts (quivered)
Armour
 b - a +0 leather armour (worn)
 f - a +0 buckler
Scrolls
 c - 2 scrolls of blinking
 i - 2 scrolls of magic mapping {unknown}
 j - a scroll of torment {unknown}
 k - a scroll of noise {unknown}
Potions
 e - 2 potions of heal wounds {unknown}
 h - a potion of haste {unknown}
 l - a potion of degeneration {unknown}
 m - a potion of might {unknown}


   Skills:
 - Level 2.0 Fighting
 + Level 2.8 Long Blades
 - Level 0.8 Throwing
 - Level 0.8 Armour
 - Level 2.4 Dodging
 * Level 1.5 Shields
 - Level 2.0 Spellcasting
 - Level 2.6 Translocations


You had 4 spell levels left.
You knew the following spells:

 Your Spells              Type           Power      Damage    Failure   Level
a - Blink                 Tloc           20%        N/A       14%         2

Your spell library contained the following spells:

 Spells                   Type           Power      Damage    Failure   Level
 Gell's Gravitas          Tloc           10%        N/A       26%         3
 Lesser Beckoning         Tloc           10%        N/A       26%         3
 Teleport Other           Tloc           10%        N/A       26%         3
 Manifold Assault         Tloc           10%        N/A       94%         5


Dungeon Overview and Level Annotations

Branches:
Dungeon (2/15)

Altars:

Annotations:
D:2 Jessica


Innate Abilities, Weirdness & Mutations

You have hoof-like feet.


Message History

Jessica gestures wildly while chanting.
Jessica blinks!
The endoplasm hits you.
You hit the endoplasm. You kick the endoplasm.
You kill the endoplasm!
No target in view!
No target in view!
No target in view!
No target in view!
No target in view!
No target in view!
No target in view!
No target in view!
A jackal comes into view. x2
There are monsters nearby!
There are monsters nearby!
The jackal barks! x2; You hear a bark!
A ball python comes into view.
The jackal barely misses you.
You barely miss the jackal.
The ball python hisses angrily.
Your kick misses the jackal.
Jessica gestures wildly while chanting.
Jessica blinks!
The jackal barely misses you.
You hit the jackal. Your kick misses the jackal.
The jackal is moderately wounded.
The jackal closely misses you. The jackal barely misses you.
You hit the jackal.
You kill the jackal!
A jackal comes into view.
Jessica hits you with a +10 club!
Ouch! That really hurt!
You are too injured to fight recklessly!
You are too injured to fight recklessly!
You are too injured to fight recklessly!
You are too injured to fight recklessly!
You are too injured to fight recklessly!
You are too injured to fight recklessly!
You are too injured to fight recklessly!
Jessica hits you with a +10 club!
You die...

........#
#..........
......###
#.........# ......#
###.........#
......+
...........#
......#
###.........#
...<..#
#.......S...#.##
......#
#...♣.....h.h...
####### #..♣.♣.@.†#
##.♣._.♣.@.#
#...♣.♣..#.#
#.)..♣.....#
#..........#
#..###.....#
########..###.....#
......)..........>#
#############....##
#....#


You could see Jessica, a jackal and a ball python.

Vanquished Creatures
  Terence (D:2)
  A dart slug (D:1)
  2 ball pythons
  A bat (D:1)
  4 endoplasms
  A giant cockroach (D:1)
  4 goblins
  3 hobgoblins (D:1)
  A jackal (D:2)
  2 kobolds (D:1)
  3 quokkas (D:1)
  A frilled lizard (D:1)
  3 rats
27 creatures vanquished.

Notes
Turn   | Place    | Note
-------+----------+-------------------------------------------
     0 | D:1      | frimble the Demonspawn Warper began the quest for the Orb.
     0 | D:1      | Reached XP level 1. HP: 16/16 MP: 3/3
   398 | D:1      | Gained mutation: You have large cloven feet. [demonic
                  | ancestry]
   398 | D:1      | Reached XP level 2. HP: 18/22 MP: 5/5
  1270 | D:1      | Learned a level 2 spell: Blink
  1696 | D:2      | Gained mutation: You have hoof-like feet. [demonic
                  | ancestry]
  1696 | D:2      | Reached XP level 3. HP: 27/27 MP: 6/6
  1783 | D:2      | Found a faded altar of an unknown god.
  1784 | D:2      | Noticed Terence
  1796 | D:2      | Killed Terence
  1797 | D:2      | Reached skill level 1 in Shields
  1929 | D:2      | Noticed Jessica
  1939 | D:2      | Slain by Jessica

Illustrated notes

Levels and vault maps discovered:
D:1:      ncdulo_halloftheorcs, layout_basic, minmay_fountain_box,
          minmay_misc_feat_enclosed, minmay_misc_feat_columns,
          minmay_misc_feat_chi
D:2:      layout_basic, chequers_ecumenical_altar_simple_redux,
          minmay_shallow_snake_nest, uniq_jessica, uniq_terence, uniq_robin

Skill      XL: |  1  2  3 |
---------------+----------+-----
Long Blades    | 2 |  2.8
Dodging        | 2 |  2.4
Shields        | 1 |  1.5
Fighting       | |  2.0
Throwing       | |  0.8
Armour         | |  0.8
Spellcasting   | |  2.0
Translocations | |  2.6

Action                   || total
-------------------------++-------
Melee: Falchion          ||    91
       Kick              ||    19
Throw: Dart              ||     6
Armor: Leather armour    ||    17
Dodge: Dodged            ||    65

Table legend: (Time is in decaauts)
 A = Elapsed time spent in this place.
 B = Non-inter-level travel time spent in this place.
 C = Inter-level travel time spent in this place.
 D = Time resting spent in this place.
 E = Time spent auto-exploring this place.
 F = Levels seen in this place.
 G = Mean time per level.
                   A        B        C        D        E       F      G
               +--------+--------+--------+--------+--------+-----+--------+
         Total |   1955 |   1946 |      9 |      0 |   1699 |   2 |  977.5 |
       Dungeon |   1955 |   1946 |      9 |      0 |   1699 |   2 |  977.5 |
               +--------+--------+--------+--------+--------+-----+--------+

Top non-repeatable levels by time:
     D:1: 1694 daAuts
     D:2: 261 daAuts
